 Dungeon Crawl Stone Soup version 0.20-a0-502-g555d78b (webtiles) character file.

19 Ijustatesigmund the Magician (level 2, 0/19 HPs)
             Began as a Spriggan Wizard on Jan 20, 2017.
             Succumbed to an adder's poison
             ... on level 1 of the Dungeon.
             The game lasted 00:03:54 (755 turns).

Ijustatesigmund the Magician (Spriggan Wizard)       Turns: 755, Time: 00:03:55

Health: 0/19       AC: 21    Str:  3    XL:     2   Next: 55%
Magic:  4/8        EV:  4    Int: 19    God:
Gold:   89         SH:  0    Dex: 14    Spells: 5/10 levels left

rFire    . . .     SeeInvis +   f - -3 club (curse)
rCold    . . .     Gourm    .   (armour currently unavailable)
rNeg     + + +     Faith    .   (shield restricted)
rPois    +         Spirit   .   (helmet currently unavailable)
rElec    .         Reflect  .   (cloak currently unavailable)
rCorr    .         Harm     .   (gloves unavailable)
MR       .....     NoTele   +   (boots unavailable)
Stlth    ++........             (no amulet)
Regen    0.1/turn               (no ring)
                                (no ring)

@: lethally poisoned (0 -> -4), tree-form
A: unfitting armour, see invisible, herbivore 3, (speed 0), slow metabolism 2
a: no special abilities


You were on level 1 of the Dungeon.
You were not hungry.
You were a tree.
You visited 1 branch of the dungeon, and saw 2 of its levels.

You collected 89 gold pieces.

Inventory:

Hand Weapons
 b - a +1 dagger
 f - a cursed -3 club (weapon)
Armour
 a - a +1 robe (melded)
 n - a +2 hat (melded)
Scrolls
 g - a scroll of teleportation
 k - a scroll of identify
Potions
 h - a potion of haste
Books
 c - a book of Minor Magic

   Spells                             Type                      Level
   a - Magic Dart                     Conjuration                  1
   b - Blink                          Translocation                2
   c - Call Imp                       Summoning                    2
   d - Repel Missiles                 Charms/Air                   2
   e - Slow                           Hexes                        2
   f - Conjure Flame                  Conjuration/Fire             3
   g - Mephitic Cloud                 Conjuration/Poison/Air       3
Comestibles
 d - a bread ration


   Skills:
 - Level 3.2 Dodging
 - Level 3.0 Stealth
 + Level 4.7 Spellcasting
 - Level 0.6 Conjurations
   Level 0.7 Summonings
 + Level 2.3 Translocations


You had 5 spell levels left.
You knew the following spells:

 Your Spells              Type           Power        Failure   Level  Hunger
a - Magic Dart            Conj           #...         12%         1    None
b - Blink                 Tloc           N/A          10%         2    #......
c - Repel Missiles        Chrm/Air       #.....       21%         2    #......


Dungeon Overview and Level Annotations

Branches:
Dungeon (2/15)

Altars:


Innate Abilities, Weirdness & Mutations

You are very small and have problems with some larger weapons.
You are too small for most types of armour.
You have supernaturally acute eyesight. (SInv)
You are a herbivore.
((You cover ground extremely quickly.))
You need consume almost no food.


Message History

Confirm with . or Enter, or press ? or * to list all spells.
You can't see any susceptible monsters within range! (Use Z to cast anyway.)
There is a lethal amount of poison in your body!
You feel sick.
You feel sick.
You feel sick.
* * * LOW HITPOINT WARNING * * *
You feel sick.
You turn into a tree.
Your +2 hat melds into your body.
Your +1 robe melds into your body.
Your roots penetrate the ground.
* * * LOW HITPOINT WARNING * * *
You feel sick.
Your magical contamination has completely faded away.
* * * LOW HITPOINT WARNING * * *
You feel sick.
* * * LOW HITPOINT WARNING * * *
You feel sick.
* * * LOW HITPOINT WARNING * * *
You feel sick.
You die...

.# #.# #.#####.####
.#######.####.##.......#
.)............##.##.##.#
########.#######.##.##.#
#..#.......##.##.#
#.##.########.##.#
#####.##.#........##.#
###...#.##.#.#########.#
................♣......#
....#.###.##.###########
.............#
......###.########
.................#
.....####.######.#
............# #.#
......###.#.# #.#
......###.#.# #.#


There were no monsters in sight!

Vanquished Creatures
  An adder (D:1)
  A dart slug (D:1)
  2 goblins (D:1)
  2 hobgoblins (D:1)
  2 kobolds (D:1)
8 creatures vanquished.

Notes
Turn   | Place    | Note
-------+----------+-------------------------------------------
     0 | D:1      | Ijustatesigmund the Spriggan Wizard began the quest for the Orb.
     0 | D:1      | Reached XP level 1. HP: 9/9 MP: 6/6
   488 | D:1      | Reached XP level 2. HP: 13/13 MP: 1/8
   492 | D:1      | Learned a level 2 spell: Blink
   495 | D:1      | Learned a level 2 spell: Repel Missiles
   755 | D:1      | Succumbed to an adder's poison

Vault maps used:
D:1:      dpeg_arrival_rooms_a
D:2:      marbit_many_paths

Skill      XL: |  1  2 |
---------------+-------+-----
Translocations | 2 |  2.3
Dodging        | |  3.2
Stealth        | |  3.0
Spellcasting   | |  4.7
Conjurations   | |  0.6
Summonings     | |  0.7

Action                   || total
-------------------------++-------
 Cast: Magic Dart        ||    28
  Use: Scroll            ||     7
       Potion            ||     1
Armor: Robe              ||     1
Dodge: Dodged            ||     4
